Map: King's Cove LE

Players

goblin - Winner!

  • Race: Protoss Protoss
  • Spawn Location: 5:00

SouLeer

  • Race: Zerg Zerg
  • Spawn Location: 11:00

Event: 2019 WCS Spring

VOD

Have the link to the VOD?

Description

Time

  • Played on: May 17, 2019, 6:52 a.m.
  • Length: 6:10

All games in this series

Show
View Real Time Build Order
Export as new Build Order

goblin Protoss - Winner!

Build Orders: 1 Gate Expand 

Get SALT Encoding   

  12  0:00  Probe  
  13  0:12  Probe  
  14  0:18  Pylon  
  14  0:24  Probe  
  15  0:32  Probe  
  15  0:39  Gateway  
  15  0:40  Probe  
  16  0:48  Assimilator  
  17  0:51  Probe  
  18  1:03  Probe  
  19  1:23  Nexus  
  19  1:27  Probe  
  20  1:40  Cybernetics Core  
  20  1:41  Probe  
  20  1:45  Assimilator  
  21  1:53  Probe  
  22  1:56  Pylon  
  22  2:02  Probe  
  22  2:06  Adept  
  23  2:10  Probe  
  24  2:19  Probe  
  27  2:23  Robotics Facility  
  27  2:31  Probe x2  
  27  2:36  Stalker  
  31  2:39  Probe  
  31  2:43  Probe  
  33  2:47  Warp Gate  
  33  2:49  Probe  
  33  2:56  Probe  
  35  3:00  Immortal  
  35  3:01  Probe  
  40  3:17  Twilight Council  
  41  3:29  Warp Prism  
  41  3:32  Gateway  
  43  3:48  Charge, Gateway x2  
  43  3:55  Immortal  
  42  4:07  Gateway  
  46  4:10  Gateway  
  46  4:15  Gateway  
  46  4:17  Gateway  
  46  4:22  Pylon  
  46  4:29  Pylon  
  46  4:39  Pylon  
  46  4:43  Zealot  
  46  4:44  Zealot x2  
  52  4:49  Pylon  
  52  4:51  Pylon  
  52  5:14  Zealot x6  
  54  5:15  Zealot x2  
  68  5:22  Pylon  
  60  5:43  Zealot x3  
  60  5:44  Zealot x5  
  60  5:47  Probe x2  
  72  6:08  Zealot x6  
Show
View Real Time Build Order
Export as new Build Order

SouLeer Zerg 

Build Orders: Hatch First 

Get SALT Encoding   

  12  0:00  Drone  
  13  0:12  Overlord  
  13  0:18  Drone  
  14  0:31  Drone x2  
  14  0:35  Drone  
  17  0:54  Hatchery  
  17  0:56  Drone  
  17  1:00  Drone  
  18  1:10  Extractor  
  17  1:16  Spawning Pool  
  17  1:18  Drone  
  17  1:22  Drone  
  18  1:29  Drone  
  19  1:40  Overlord  
  19  1:50  Drone  
  20  2:02  Queen  
  20  2:03  Zergling x2  
  20  2:06  Queen  
  20  2:07  Zergling x2  
  26  2:10  Metabolic Boost  
  26  2:14  Drone  
  27  2:17  Drone  
  27  2:22  Drone  
  29  2:29  Drone  
  30  2:34  Drone  
  31  2:44  Hatchery  
  31  2:48  Drone  
  31  2:49  Drone  
  33  2:51  Drone  
  33  2:55  Overlord  
  33  3:03  Queen  
  33  3:05  Drone  
  36  3:10  Overlord  
  36  3:14  Drone x2  
  36  3:17  Drone  
  36  3:18  Drone  
  40  3:21  Drone  
  40  3:25  Drone  
  42  3:27  Spore Crawler  
  42  3:32  Drone x2  
  43  3:41  Lair  
  43  3:43  Drone x3  
  43  3:44  Drone  
  43  3:47  Drone  
  43  3:48  Extractor x2  
  47  3:54  Overlord  
  46  4:01  Roach Warren  
  46  4:02  Spore Crawler  
  44  4:03  Drone  
  44  4:06  Drone  
  44  4:07  Drone x2  
  44  4:09  Drone  
  49  4:10  Drone  
  50  4:17  Zergling x6  
  50  4:18  Zergling x2  
  50  4:22  Zergling x4  
  56  4:24  Spore Crawler  
  56  4:30  Overlord  
  55  4:32  Zergling x4  
  55  4:35  Overlord  
  57  4:40  Overlord  
  57  4:42  Roach  
  57  4:44  Roach  
  60  4:47  Roach  
  60  4:50  Roach  
  60  4:52  Roach  
  67  4:53  Roach  
  67  4:57  Overlord  
  69  5:00  Overlord  
  69  5:03  Zergling x4  
  69  5:04  Ravager x2  
  72  5:09  Zergling x6  
  72  5:10  Ravager  
  72  5:12  Zergling x2  
  72  5:13  Ravager x2  
  78  5:18  Zergling x6  
  78  5:20  Ravager  
  82  5:21  Zergling x2  
  82  5:24  Zergling x2  
  82  5:25  Zergling x2  
  82  5:28  Zergling x6  
  87  5:33  Zergling x2  
  81  5:36  Zergling x4  
  81  5:42  Zergling x2  
  79  5:45  Roach x2  
Tags
 
Add a new tag
Caveats
  • Supply blocks, unpowered buildings, or Contaminate may cause inaccurate times.
  • Supply counts are checked every 10 seconds.